 Dungeon Crawl Stone Soup version 0.18-a0-1666-g3ea6f2b (webtiles) character file.

810 Gruud the Skirmisher (level 7, -2/79 HPs)
             Began as an Ogre Assassin on Mar 31, 2016.
             Was a Believer of Zin.
             Splashed by a jelly's acid (4 damage)
             ... on level 6 of the Dungeon.
             The game lasted 00:21:47 (2811 turns).

Gruud the Skirmisher (Ogre Assassin)                Turns: 2811, Time: 00:21:47

Health: -2/79      AC: -12   Str: 17    XL:     7   Next: 92%
Magic:  8/8        EV:  9    Int: 10    God:    Zin [**....]
Gold:   254        SH:  0    Dex: 13    Spells: 0 memorised, 6 levels left

rFire  . . .     SeeInvis .     a - +2 short sword (venom)
rCold  . . .     Gourm    .     h - +0 robe
rNeg   . . .     Faith    .     (no shield)
rPois  .         Spirit   .     (helmet restricted)
rElec  .         Dismiss  .     d - +0 cloak
rCorr  .         Reflect  .     (gloves unavailable)
SustAt +         Harm     .     (boots unavailable)
MR     .....                    (no amulet)
Stlth  ++........               (no ring)
                                i - ring of sustain attributes

@: corroded, not resistant to hostile enchantments, unstealthy
A: unfitting armour, tough skin 1
a: Recite, Vitalisation, Donate Gold, Renounce Religion


You were on level 6 of the Dungeon.
You worshipped Zin.
Zin was pleased with you.
You were hungry.

You visited 1 branch of the dungeon, and saw 6 of its levels.

You collected 282 gold pieces.
You donated 28 gold pieces to Zin.

Inventory:

Hand Weapons
 a - a +2 short sword of venom (weapon)
 b - a +0 blowgun
 n - a +0 giant spiked club
 o - a +2 dagger
 s - a +0 short sword of speed
Missiles
 e - 35 poisoned needles
 f - 5 curare-tipped needles
Armour
 d - a +0 cloak (worn)
 h - a +0 robe (worn)
Jewellery
 i - a ring of sustain attributes (left hand)
Wands
 D - a wand of lightning (12/15)
Scrolls
 j - a scroll of enchant weapon {unknown}
 k - 2 scrolls of identify
 q - a scroll of immolation
 r - a scroll of blinking {unknown}
 u - a scroll of enchant armour {unknown}
 v - a scroll of noise {unknown}
 y - a scroll of fear {unknown}
 E - a scroll of acquirement {unknown}
Potions
 c - a potion of agility {unknown}
 m - a potion of cancellation
 t - 2 potions of invisibility
 w - a potion of haste {unknown}
 x - a potion of degeneration {unknown}
 A - a potion of berserk rage {unknown}
 B - a potion of brilliance {unknown}
 C - 2 potions of curing {unknown}
Comestibles
 g - 5 bread rations
 p - 2 beef jerkies
 z - a slice of pizza


   Skills:
 * Level 7.7 Fighting
 - Level 1.2 Short Blades
 * Level 6.4 Maces & Flails
 + Level 3.7 Throwing
 - Level 0.8 Dodging
 - Level 3.2 Stealth
 + Level 2.3 Invocations


You had 6 spell levels left.
You didn't know any spells.

Dungeon Overview and Level Annotations

Branches:
Dungeon (6/15)             Temple (0/1) D:5

Altars:
Gozag
Makhleb
Qazlal
Ru
Trog
Vehumet
Xom
Yredelemnul
Zin

Shops:
D:5 =

Annotations:
D:5 feelmyfire's ghost, novice HOBe


Innate Abilities, Weirdness & Mutations

You are too large for most types of armour.
You have tough skin (AC +1).


Message History

The jelly barely misses you.
You hit the jelly but do no damage.
Your hands burn!
The jelly is severely wounded.
The jelly misses you.
You hit the jelly.
Your hands burn!
The jelly is almost dead.
The jelly hits you.
You are splashed with acid!
The acid burns!
* * * LOW HITPOINT WARNING * * *
You hit the jelly.
Your hands burn!
* * * LOW HITPOINT WARNING * * *
The jelly is almost dead.
The jelly closely misses you.
You barely miss the jelly.
The jelly is almost dead.
The jelly hits you.
* * * LOW HITPOINT WARNING * * *
You are splashed with acid!
The acid corrodes you!
The acid burns!
* * * LOW HITPOINT WARNING * * *
You hit the jelly but do no damage. The acid corrodes you!
Your hands burn!
You die...

####+###
#......#
#...(..#
#@J....#
#......#
#......#
#......#
#......#
#......+
#......#
.......#


You could see a jelly.

Vanquished Creatures
  A wasp (D:3)
  3 ogres (D:5)
  A centaur (D:5)
  A howler monkey (D:4)
  A jelly (D:5)
  A giant frog skeleton (D:5)
  An orc priest (D:5)
  A hound (D:4)
  2 worker ants
  2 orc wizards (D:5)
  A howler monkey skeleton (D:5)
  An adder (D:2)
  A shadow imp (D:5)
  2 adder skeletons
  A worm (D:4)
  2 dart slugs (D:2)
  A giant gecko (D:4)
  13 orcs
  4 bats
  3 giant cockroaches
  9 goblins
  4 hobgoblins
  10 kobolds
  4 quokkas
  A ball python (D:4)
  2 giant newts (D:1)
  6 rats
79 creatures vanquished.

Notes
Turn   | Place    | Note
--------------------------------------------------------------
     0 | D:1      | Gruud the Ogre Assassin began the quest for the Orb.
     0 | D:1      | Reached XP level 1. HP: 22/22 MP: 1/1
    49 | D:1      | Reached skill level 3 in Fighting
   242 | D:1      | Reached XP level 2. HP: 30/31 MP: 2/2
   315 | D:1      | Reached skill level 1 in Maces & Flails
   372 | D:2      | Reached skill level 4 in Fighting
   511 | D:2      | Reached XP level 3. HP: 19/39 MP: 3/3
   680 | D:2      | Found a radiant altar of Vehumet.
   796 | D:3      | Noticed a wasp
   801 | D:3      | Killed a wasp
   801 | D:3      | Reached skill level 5 in Fighting
   801 | D:3      | Reached XP level 4. HP: 48/50 MP: 4/4
   801 | D:3      | Reached XP level 5. HP: 55/57 MP: 5/5
   943 | D:3      | Found an opulent altar of Gozag.
  1096 | D:4      | Found a bloodstained altar of Trog.
  1099 | D:4      | Found a glowing silver altar of Zin.
  1454 | D:4      | Reached XP level 6. HP: 57/67 MP: 6/6
  1529 | D:4      | Found a sacrificial altar of Ru.
  1529 | D:4      | Found a burning altar of Makhleb.
  1530 | D:4      | Found a stormy altar of Qazlal.
  1531 | D:4      | Found a shimmering altar of Xom.
  1534 | D:4      | Found a basalt altar of Yredelemnul.
  1543 | D:4      | Became a worshipper of Zin the Law-Giver
  1543 | D:4      | Reached * piety under Zin
  1845 | D:4      | Reached skill level 6 in Fighting
  1907 | D:5      | Entered Level 5 of the Dungeon
  1917 | D:5      | Found Inykiluh's Jewellery Boutique.
  1937 | D:5      | Reached skill level 5 in Maces & Flails
  2028 | D:5      | Reached skill level 1 in Invocations
  2108 | D:5      | Found a staircase to the Ecumenical Temple.
  2215 | D:5      | Reached XP level 7. HP: 59/76 MP: 7/7
  2293 | D:5      | Reached skill level 7 in Fighting
  2429 | D:5      | Reached ** piety under Zin
  2518 | D:5      | Noticed feelmyfire's ghost (novice HOBe)
  2810 | D:6      | HP: 2/79 [acid (7)]
  2811 | D:6      | Splashed by a jelly's acid

Vault maps used:
D:1:      minmay_arrival_pointy
D:2:      lemuel_coloured_pillars_altar
D:3:      first_bread, nicolae_gozag_cash_rules_everything_around_me
D:4:      minitemple
D:5:      minmay_temple_entry_large_hall, serial_shops, nicolae_shop_waterfront
D:6:      kennysheep_generic_room_10

Skill      XL: |  1  2  3  4  5  6  7 |
---------------+----------------------+-----
Fighting       | 3 4 5 6 7 |  7.7
Maces & Flails | 1 3 4 5 6 |  6.4
Throwing       | 3 |  3.7
Invocations    | 1 2 |  2.3
Short Blades   | |  1.2
Dodging        | |  0.8
Stealth        | |  3.2

Action                   |  1- 3 |  4- 6 |  7- 9 || total
-------------------------+-------+-------+-------++-------
Melee: Dagger            |    60 |       |       ||    60
       Short sword       |    31 |    78 |    51 ||   160
 Fire: Blowgun           |     4 |    23 |    25 ||    52
Throw: Large rock        |     2 |     5 |     6 ||    13
  Use: Scroll            |       |     4 |       ||     4
 Stab: Sleeping          |     2 |     2 |       ||     4
  Eat: Chunk             |       |     4 |       ||     4
       Pizza             |       |       |     1 ||     1
